 Dungeon Crawl Stone Soup version 0.30-a0-585-g93115170b9 (webtiles) character file.

Game seed: 1654942808720594745

1363 Citaku the Protected (level 8, -13/71 HPs)
             Began as a Minotaur Fighter on Jan 2, 2023.
             Was an Initiate of Ashenzari.
             Mangled by a fire elemental (15 damage)
             ... created by the adversity of Qazlal
             ... in a sewer.
             The game lasted 00:27:59 (6156 turns).

Citaku the Protected (Minotaur Fighter)             Turns: 6156, Time: 00:28:00

Health: -13/71     AC: 11    Str: 20 (21) XL:     8   Next: 38%
Magic:  7/7        EV:  9    Int:  5      God:    Ashenzari [......]
Gold:   366        SH:  0    Dex: 12      Spells: 7/7 levels left

rFire   x x .      SeeInvis .    j - +1 executioner's axe (drain)
rCold   x x .      Faith    .    (shield currently unavailable)
rNeg    . . .      Spirit   .    b - +0 scale mail
rPois   .          Reflect  .    (helmet restricted)
rElec   x          Harm     .    k - +0 cloak
rCorr   .          Rampage  .    a - +0 pair of gloves
Will    .....      Clarity  +    (no boots) Stlth
                                 o - amulet of the acrobat
HPRegen 0.31/turn                (no ring)
MPRegen 0.10/turn                (no ring)

@: invisible
A: horns 2, retaliatory headbutt, clarity, deterioration 1, [cold vulnerability
2], [heat vulnerability 2], [electricity vulnerability]
a: Renounce Religion, Curse Item


You were in a sewer.
You worshipped Ashenzari.
Ashenzari was noncommittal.
You visited 2 branches of the dungeon, and saw 7 of its levels.
You also visited: Sewer.

You collected 366 gold pieces.

Inventory:

Hand Weapons
 j - a +1 executioner's axe of draining (weapon)
Missiles
 d - a throwing net (quivered)
Armour
 a - a +0 pair of gloves (worn)
 b - a +0 scale mail (worn)
 k - a +0 cloak (worn)
Jewellery
 o - an amulet of the acrobat (around neck)
Wands
 l - a wand of charming (14)
 s - a wand of flame (33)
Scrolls
 f - 4 scrolls of vulnerability
 i - a scroll of teleportation
 n - a scroll of enchant armour
 p - a scroll of identify
 q - a scroll of amnesia
 u - 3 scrolls of blinking
Potions
 c - a potion of attraction
 e - 2 potions of curing
 g - 2 potions of brilliance


   Skills:
 + Level 6.6 Fighting
 * Level 5.0(6.3) Axes
 - Level 6.1(6.9) Polearms
 * Level 8.5 Armour
 - Level 4.0 Shields


You had 7 spell levels left.
You didn't know any spells.
Your spell library contained the following spells:

 Spells                   Type           Power      Damage    Failure   Level
 Apportation              Tloc           0%         N/A       78%         1
 Necrotise                Necr           0%         1d4       78%         1
 Summon Small Mammal      Summ           0%         N/A       78%         1
 Blink                    Tloc           0%         N/A       89%         2
 Ensorcelled Hibernation  Hex/Ice        0%         N/A       89%         2
 Momentum Strike          Conj/Tloc      0%         3d8       89%         2
 Static Discharge         Conj/Air       0%         2-2/arc   89%         2
 Lesser Beckoning         Tloc           0%         N/A       98%         3
 Spider Form              Tmut/Pois      0%         N/A       98%         3
 Vhi's Electric Charge    Tloc/Air       0%         N/A       98%         3
 Anguish                  Hex/Necr       0%         N/A       100%        4
 Arcjolt                  Conj/Air       0%         1d10      100%        5
 Lightning Bolt           Conj/Air       0%         1d11      100%        5
 Chain Lightning          Conj/Air       0%         N/A       100%        9
 Fire Storm               Conj/Fire      0%         5d1       100%        9
 Shatter                  Erth           0%         3d5*      100%        9


Dungeon Overview and Level Annotations

Branches:
Dungeon (6/15)             Temple (1/1) D:4           Sewer (1/1)

Altars:
Ashenzari
Cheibriados
Dithmenos
Elyvilon
Fedhas
Hepliaklqana
Kikubaaqudgha
Makhleb
Nemelex Xobeh
Qazlal
Sif Muna
Trog
Uskayaw
Vehumet
Yredelemnul
The Shining One


Innate Abilities, Weirdness & Mutations

You have a pair of horns on your head.
You reflexively headbutt those who attack you in melee.
You possess an exceptional clarity of mind.
Your body sometimes deteriorates upon taking damage.
[You are very vulnerable to cold. (rC--)]
[You are very vulnerable to heat. (rF--)]
[You are vulnerable to electric shocks.]


Message History

You feel much better.
Your surroundings suddenly seem different.
You feel yourself speed up.
You see here a rat skeleton.
There is an open door, spattered with blood here.
Items here: ( )))) ÷.
There is an open door, spattered with blood here.
There's nothing to close nearby.
Items here: ( )))) ÷.
You close the door.
You start resting.
Qazlal incites the elements against you!
A basilisk and a boulder beetle come into view.
As you read the scroll of teleportation, it crumbles to dust.
You feel strangely unstable.
As you read the scroll of fear, it crumbles to dust.
You assume a fearsome visage.
The basilisk looks frightened!
The boulder beetle looks frightened!
The boulder beetle leaps!
You open the door.
The boulder beetle leaps!
Your surroundings suddenly seem different.
You start resting.
A fire elemental is nearby!
You slash the fire elemental!
You headbutt the fire elemental, but do no damage.
The fire elemental is severely damaged.
The fire elemental barely misses you. The fire elemental hits you.
The fire elemental burns you! The fire burns you terribly!
You barely miss the fire elemental.
The fire elemental is severely damaged.
The fire elemental hits you. The fire elemental burns you!
The fire burns you terribly! The fire elemental hits you.
The fire elemental burns you! The fire burns you terribly!
* * * LOW HITPOINT WARNING * * *
You fade into invisibility!
The fire elemental hits you. The fire elemental burns you!
The fire burns you terribly!
* * * LOW HITPOINT WARNING * * *
The fire elemental hits you. The fire elemental burns you!
The fire burns you terribly!
You die...

≈≈≈≈≈≈≈≈≈≈≈÷~÷~~~~~≈≈≈≈≈≈≈≈≈≈≈≈≈≈
≈≈≈≈≈≈≈≈~~~÷÷~~~..~≈≈≈≈≈≈≈≈≈≈≈≈≈≈
≈≈≈≈≈~≈~~~~~~......~≈≈≈≈~
≈≈≈≈~~~~..~.........~~~..
.~~...~..................
.........................
...........†....°......#
...........†.##.E.....##
..###......#####@.##...# ###
##...######..## #.. ##### #∩..##
# #####


You could see a fire elemental (unable to see you).

Vanquished Creatures
  A rime drake (D:5)
  A wind drake (D:5)
  Sigmund (D:3)
  2 vampire mosquitoes (D:6)
  A phantom (D:6)
  A kobold brigand (Sewer)
  A necrophage (D:4)
  A scorpion (D:5)
  3 hounds
  3 orc priests (D:4)
  2 iguanas (D:4)
  3 orc wizards (D:4)
  Natasha (thrice) (D:3)
  9 adders
  4 gnolls (D:4)
  3 river rats (Sewer)
  A shadow imp (D:6)
  A white imp (D:6)
  A worm (D:2)
  4 dart slugs
  14 orcs (D:4)
  5 bats
  7 endoplasms
  3 giant cockroaches
  9 goblins
  8 hobgoblins
  3 jackals (D:5)
  6 quokkas
  18 ball pythons
  2 frilled lizards (D:1)
  24 kobolds
  27 rats
  6 bushes (D:4)
178 creatures vanquished.

Notes
Turn   | Place    | Note
-------+----------+-------------------------------------------
     0 | D:1      | Citaku the Minotaur Fighter began the quest for the Orb.
     0 | D:1      | Reached XP level 1. HP: 19/19 MP: 0/0
     6 | D:1      | Noticed a salamander
     6 | D:1      | Noticed a polar bear
     6 | D:1      | Noticed a killer bee
     7 | D:1      | Noticed a hog
     7 | D:1      | Noticed a snapping turtle
   135 | D:1      | Reached XP level 2. HP: 25/27 MP: 1/1
   270 | D:1      | Reached skill level 4 in Armour
   401 | D:1      | Reached XP level 3. HP: 33/33 MP: 2/2
   602 | D:1      | Reached skill level 1 in Polearms
  1096 | D:2      | You fall into a shaft and drop 1 floor!
  1135 | D:3      | Noticed Natasha
  1143 | D:3      | Killed Natasha
  1144 | D:3      | Reached XP level 4. HP: 25/40 MP: 3/3
  1240 | D:3      | Noticed Sigmund
  1256 | D:3      | Killed Sigmund
  1257 | D:3      | Reached skill level 5 in Armour
  1257 | D:3      | Reached XP level 5. HP: 40/47 MP: 4/4
  1353 | D:3      | Noticed Natasha
  1362 | D:3      | Killed Natasha
  1363 | D:3      | Reached XP level 6. HP: 55/55 MP: 5/5
  1486 | D:3      | Noticed Natasha
  1512 | D:3      | Identified the +1 robe of Korocrygg {*Corrode +Blink rPois
                  | Dex+2}
  1529 | D:3      | Killed Natasha
  1530 | D:3      | Reached skill level 5 in Fighting
  3014 | D:4      | Reached skill level 6 in Armour
  3021 | D:4      | Found a hide-covered altar of Uskayaw.
  3083 | D:4      | Found a broken altar of Ashenzari.
  3199 | D:4      | Identified a scroll of acquirement
  3305 | D:4      | Acquired a +0 executioner's axe of draining
  3375 | D:4      | Found a staircase to the Ecumenical Temple.
  3395 | D:4      | Reached XP level 7. HP: 33/61 MP: 6/6
  3396 | D:4      | Reached skill level 5 in Polearms
  3643 | Temple   | Entered the Ecumenical Temple
  3798 | Temple   | Became a worshipper of Qazlal Stormbringer
  4057 | D:4      | Reached skill level 7 in Armour
  4445 | D:4      | Fell from the grace of Qazlal
  4445 | D:4      | Became a worshipper of Ashenzari the Shackled
  4504 | D:4      | Gained mutation: Your body sometimes deteriorates upon
                  | taking damage. [potion of mutation]
  4504 | D:4      | Gained mutation: You sometimes lose your temper in combat.
                  | [potion of mutation]
  4504 | D:4      | Gained mutation: You are somewhat resistant to further
                  | mutation. [potion of mutation]
  4726 | D:5      | Entered Level 5 of the Dungeon
  4746 | D:5      | Noticed a wind drake
  4746 | D:5      | Noticed a rime drake
  4751 | D:5      | Killed a rime drake
  4758 | D:5      | Killed a wind drake
  5315 | D:6      | Noticed a vampire mosquito
  5315 | D:6      | Noticed a vampire mosquito
  5323 | D:6      | Killed a vampire mosquito
  5324 | D:6      | Reached XP level 8. HP: 50/70 MP: 7/7
  5325 | D:6      | Reached skill level 8 in Armour
  5717 | D:6      | Found a glowing drain.
  5723 | Sewer    | Entered a sewer
  5903 | Sewer    | Lost mutation: You sometimes lose your temper in combat.
                  | [potion of mutation]
  5903 | Sewer    | Lost mutation: Your body sometimes deteriorates upon taking
                  | damage. [potion of mutation]
  5903 | Sewer    | Lost mutation: You are somewhat resistant to further
                  | mutation. [potion of mutation]
  5903 | Sewer    | Gained mutation: Your body sometimes deteriorates upon
                  | taking damage. [potion of mutation]
  5903 | Sewer    | Gained mutation: You possess an exceptional clarity of
                  | mind. [potion of mutation]
  5982 | Sewer    | Reached skill level 5 in Axes
  6043 | Sewer    | Noticed a wind drake
  6104 | Sewer    | Noticed a boulder beetle
  6156 | Sewer    | HP: 2/71 [fire elemental[the adversity of Qazlal] (18)]
  6156 | Sewer    | Mangled by a fire elemental

Illustrated notes

Levels and vault maps discovered:
D:1:      onia_arrival_zoo_common, layout_loops_ring, minmay_pentomino_w4
D:2:      layout_basic, nicolae_figureground_sparkle
D:3:      layout_basic, uniq_sigmund, uniq_natasha
D:4:      layout_loops_cross, nicolae_ashenzari_skybound,
          eat_drink_and_be_merry_uskayaw, minmay_temple_entry_arrows,
          minmay_hedge_maze, hangedman_decor_growths
D:5:      cheibrodos_quashed, layout_layer_cave
D:6:      layout_loops_ring, xom_redecorated, overflow_temple_1_default,
          ebering_ghost_sewer_f, gup_sewer_entry_bowl, nicolae_shop_clearance
Temple:   eino_temple_lava
Sewer:    sewer_minmay_treatment

Skill      XL: |  1  2  3  4  5  6  7  8 |
---------------+-------------------------+-----
Armour         | 4 5 6 7 8 |  8.5
Shields        | 4 |  4.0
Fighting       | 4 5 6 |  6.6
Axes           | 3 5 |  5.0
Polearms       | 1 3 4 6 |  6.1

Action                   |  1- 3 |  4- 6 |  7- 9 || total
-------------------------+-------+-------+-------++-------
Melee: War axe           |    36 |       |       ||    36
       Headbutt          |     6 |    14 |    39 ||    59
       Trident           |    48 |    40 |       ||    88
       Short sword       |       |    41 |       ||    41
       Executioner's axe |       |    12 |   180 ||   192
  Use: Potion            |       |    10 |     9 ||    19
       Scroll            |       |    12 |     6 ||    18
Armor: Scale mail        |    33 |    43 |   119 ||   195
Dodge: Dodged            |    47 |    57 |   154 ||   258
Block: Buckler           |    22 |    11 |       ||    33

Table legend: (Time is in decaauts)
 A = Elapsed time spent in this place.
 B = Non-inter-level travel time spent in this place.
 C = Inter-level travel time spent in this place.
 D = Time resting spent in this place.
 E = Time spent auto-exploring this place.
 F = Levels seen in this place.
 G = Mean time per level.
                   A        B        C        D        E       F      G
               +--------+--------+--------+--------+--------+-----+--------+
         Total |   6390 |   6390 |      0 |   1048 |   2695 |   8 |  798.8 |
       Dungeon |   5734 |   5734 |      0 |    884 |   2619 |   6 |  955.7 |
        Temple |    168 |    168 |      0 |      0 |     45 |   1 |  168.0 |
         Sewer |    487 |    487 |      0 |    164 |     31 |   1 |  487.0 |
               +--------+--------+--------+--------+--------+-----+--------+

Top non-repeatable levels by time:
     D:4: 1632 daAuts
     D:3: 1055 daAuts
     D:2: 1055 daAuts
     D:1: 929 daAuts
     D:5: 820 daAuts
   Sewer: 487 daAuts
     D:6: 241 daAuts
  Temple: 168 daAuts
